 Dungeon Crawl Stone Soup version 0.15-a0-198-g2f4809b (webtiles) character file.

480 PolkaDot the Caller (level 6, -1/41 HPs)
             Began as a Vampire Summoner on Apr 23, 2014.
             Slain by an orc
             ... wielding a +0,+0 whip
              (3 damage)
             ... on Level 4 of the Dungeon.
             The game lasted 00:17:34 (2964 turns).

PolkaDot the Caller (Vampire Summoner)              Turns: 2964, Time: 00:17:35

HP  -1/41        AC  2     Str  7      XL: 6   Next: 39%
MP  17/19        EV 12     Int 19      God:
Gold 118         SH  0     Dex 14      Spells:  2 memorised,  5 levels left

rFire  . . .     SeeInvis +     s - +5,+1 cutlass (drain)
rCold  . . .     Clarity  .     a - +0 robe
rNeg   . . .     Conserve .     (no shield)
rPois  .         rCorr    .     (no helmet)
rElec  .         rRot     .     (no cloak)
SustAb . .       Spirit   .     (no gloves)
rMut   .         Warding  .     (no boots)
Saprov . . .     Stasis   +     q - amulet of stasis {unknown}
MR     .....                    m - ring of wizardry
                                d - ring of magical power

@: regenerating quickly, lethally poisoned, not resistant to hostile
enchantments, stealthy
A: bottle blood, fangs 3, see invisible, unbreathing
a: Bottle Blood


You were on level 4 of the Dungeon.
You were very full.

You visited 1 branch of the dungeon, and saw 4 of its levels.

You collected 118 gold pieces.

Inventory:

Hand weapons
 h - a +0,+0 trident
 s - a +5,+1 cutlass of draining (weapon)
Missiles
 e - 9 darts (quivered)
 i - 6 darts of frost
 p - 12 exploding darts
Armour
 a - a +0 robe (worn)
 t - a +3 leather armour of cold resistance
Scrolls
 c - a scroll of identify
 f - a scroll of fog {unknown}
 g - a scroll of immolation {unknown}
 j - a scroll of recharging {unknown}
 k - a scroll of fear
 l - a scroll of teleportation {unknown}
Jewellery
 d - a ring of magical power (left hand)
 m - a ring of wizardry (right hand)
 o - an uncursed ring of sustain abilities {unknown}
 q - an amulet of stasis (around neck) {unknown}
Potions
 r - a potion of mutation {unknown}
Books
 b - a book of Callings

   Spells                             Type                      Level
   *Summon Small Mammal               Summoning                    1
   Call Imp                           Summoning                    2
   *Call Canine Familiar              Summoning                    3
   Summon Guardian Golem              Hexes/Summoning              4
   Summon Lightning Spire             Summoning/Air                4
   Summon Ice Beast                   Ice/Summoning                4


   Skills:
 + Level 2.4 Polearms
 - Level 2.1 Dodging
 - Level 3.0 Stealth
 - Level 2.0 Spellcasting
 * Level 7.1 Summonings


You had 5 spell levels left.
You knew the following spells:

 Your Spells              Type           Power        Failure   Level  Hunger
a - Summon Small Mammal   Summ           ####         1%          1    #......
d - Call Canine Familiar  Summ           ####....     1%          3    ####...


Dungeon Overview and Level Annotations

Branches:
Dungeon (4/15)
 Temple: D:4-7

Altars:
Okawaru
Yredelemnul
The Shining One

Shops:
D:4 *


Innate Abilities, Weirdness & Mutations

Your natural rate of healing is unusually fast.
You can bottle blood from corpses.
You have razor-sharp teeth.*
You have supernaturally acute eyesight.
You can survive without breathing.*


Message History

The orc wizard closely misses your hound.
Your hound misses the orc wizard. You hit the orc wizard.
You drain the orc wizard!
You kill the orc wizard!
The orc wizard casts a spell at you. The puff of flame hits your hound.
Your hound dies!
Your hound's corpse disappears in a puff of smoke!
The orc closely misses you. The orc misses you.
The orc wizard mumbles some strange words.
You feel a wave of unholy energy pass over you.
Drink which item? (? for menu, Esc to quit)
Okay, then.
Drink which item? (? for menu, Esc to quit)
That liquid tasted very nasty...
You are lethally poisoned!
It was a potion of poison.
* * * LOW HITPOINT WARNING * * *
You feel sick. The orc closely misses you. The orc hits you with a whip.
You die...

.....# .....# ....# ##
....###### ...
.......... .|.#
#........# ...# #.
#%.......# ...# #.
#..o.....# ...#
##.######.@o.....#
...####.........o).....#
........#...♣...#.......
...##.#....♣.♣....#.....
.#.##.#...♣.♣.♣...#.....
...##.#..♣.♣.♣.♣..# ...
...##.#.♣.♣._.♣.♣.# .
...##.#..♣.♣.♣.♣..#
..........♣.♣.♣....


You could see an orc wizard and 2 orcs.

Vanquished Creatures
  The ghost of nago the Chiller, an average VSIE of Kikubaaqudgha (D:3)
  An orc wizard (D:4)
  3 adders
  A worm (D:3)
  2 giant geckos
  An orc (D:4)
  7 bats
  6 goblins
  4 hobgoblins
  2 jackals (D:2)
  6 kobolds
  A quokka (D:2)
  A ball python (D:4)
  4 giant cockroaches
  2 giant newts
  5 rats
47 creatures vanquished.

Vanquished Creatures (collateral kills)
  Eustachio (D:4)
  2 orc priests (D:3)
  An iguana (D:3)
  Ijyb (D:2)
  5 adders
  3 worms (D:2)
  2 giant geckos
  An orc (D:3)
  3 bats
  2 hobgoblins
  2 quokkas
  A jackal (D:2)
  3 kobolds
  A rat (D:3)
28 creatures vanquished.

Vanquished Creatures (others)
  5 hounds
  3 bats (D:2)
  3 quokkas (D:2)
  A rat (D:2)
12 creatures vanquished.

Grand Total: 87 creatures vanquished

Notes
Turn   | Place    | Note
--------------------------------------------------------------
     0 | D:1      | PolkaDot, the Vampire Summoner, began the quest for the Orb.
     0 | D:1      | Reached XP level 1. HP: 13/13 MP: 3/3
   345 | D:1      | Reached XP level 2. HP: 14/19 MP: 4/4
   740 | D:2      | Noticed Ijyb
   777 | D:2      | Killed Ijyb
   777 | D:2      | Reached skill level 5 in Summonings
   777 | D:2      | Reached XP level 3. HP: 12/24 MP: 6/6
   883 | D:2      | Learned a level 3 spell: Call Canine Familiar
  1774 | D:3      | Reached XP level 4. HP: 30/30 MP: 7/7
  1800 | D:3      | Found a basalt altar of Yredelemnul.
  1990 | D:3      | Noticed nago's ghost (average VSIE)
  1997 | D:3      | Reached skill level 6 in Summonings
  2015 | D:3      | Killed nago's ghost
  2015 | D:3      | Reached skill level 1 in Polearms
  2015 | D:3      | Reached XP level 5. HP: 16/35 MP: 7/9
  2284 | D:3      | Found a glowing golden altar of the Shining One.
  2771 | D:4      | Found Aral's Elemental Accessories.
  2773 | D:4      | Noticed Eustachio
  2794 | D:4      | Killed Eustachio
  2794 | D:4      | Reached skill level 7 in Summonings
  2794 | D:4      | Reached XP level 6. HP: 5/41 MP: 10/10
  2794 | D:4      | HP: 3/61 [quokka[Eustachio] (2)]
  2946 | D:4      | Found an iron altar of Okawaru.
  2964 | D:4      | HP: 2/41 [poison (a potion of poison)]
  2964 | D:4      | Slain by an orc

Action                   |  1- 3 |  4- 6 || total
-------------------------+-------+-------++-------
Melee: Dagger            |   140 |       ||   140
       Unarmed           |     9 |       ||     9
       Mace              |     7 |       ||     7
       Trident           |    12 |   106 ||   118
       Cutlass           |       |     9 ||     9
Throw: Dart              |       |    13 ||    13
 Cast: Summon Small Mamm |    30 |     3 ||    33
       Call Canine Famil |     1 |     9 ||    10
  Use: Potion            |     4 |     6 ||    10
       Scroll            |       |     2 ||     2
 Stab: Sleeping          |     2 |       ||     2
       Distracted        |     2 |       ||     2
